 Dungeon Crawl Stone Soup version 0.27-a0-1184-ge86db4a01e (webtiles) character file.

Game seed: 12685894839801835545

72 karkarkar the Conjurer (level 4, 27/27 HPs)
             Began as an Octopode Conjurer on May 10, 2021.
             Was an Initiate of Ru.
             Quit the game on level 2 of the Dungeon on May 18, 2021.
             The game lasted 00:11:05 (2512 turns).

karkarkar the Conjurer (Octopode Conjurer)          Turns: 2512, Time: 00:11:05

Health: 27/27      AC:  1    Str:  6    XL:     4   Next: 25%
Magic:  7/7        EV: 13    Int: 20    God:    Ru [......]
Gold:   55         SH:  0    Dex: 11    Spells: 4/7 levels left

rFire    . . .     SeeInvis .   b - +0 dagger
rCold    . . .     Faith    .   (no shield)
rNeg     . . .     Spirit   .   (helmet restricted)
rPois    .         Reflect  .   (no amulet)
rElec    .         Harm     .   (no ring)
rCorr    .         Rampage  .   (no ring)
Will     .....                  (no ring)
Stlth    +++.......             (no ring)
HPRegen  0.09/turn              (no ring)
MPRegen  0.10/turn              (no ring)
                                (no ring)
                                (no ring)

@: no status effects
A: almost no armour, amphibious, 8 rings, camouflage 1, gelatinous body 1,
(nimble swimmer 1), tentacles
a: Renounce Religion, Sacrifice a Hand, Sacrifice Love, Sacrifice Essence,
Reject Sacrifices


You were on level 2 of the Dungeon.
You worshipped Ru.
Ru was noncommittal.
You visited 1 branch of the dungeon, and saw 2 of its levels.

You collected 55 gold pieces.

Inventory:

Hand Weapons
 b - a +0 dagger (weapon)
Scrolls
 a - 2 scrolls of identify
Potions
 c - a potion of lignification
 d - a potion of attraction {unknown}
 e - a potion of mutation {unknown}


   Skills:
 + Level 0.2 Fighting
 + Level 0.1 Short Blades
 + Level 2.0 Dodging
 + Level 3.8 Stealth
 + Level 0.1 Unarmed Combat
 * Level 2.2 Spellcasting
 + Level 5.0 Conjurations


You had 4 spell levels left.
You knew the following spells:

 Your Spells              Type           Power      Damage    Failure   Level
a - Magic Dart            Conj           88%        1d7       1%          1
b - Searing Ray           Conj           44%        3d4       3%          2

Your spell library contained the following spells:

 Spells                   Type           Power      Damage    Failure   Level
 Conjure Flame            Conj/Fire      12%        6-21      17%         3
 Dazzling Flash           Conj/Hex       24%        N/A       17%         3
 Blink                    Tloc           N/A        N/A       24%         2
 Call Imp                 Summ           2%         N/A       24%         2
 Slow                     Hex            2%         N/A       24%         2
 Mephitic Cloud           Conj/Pois/Air  8%         N/A       24%         3
 Fulminant Prism          Conj/Hex       6%         3d7       50%         4
 Iskenderun's Mystic Bla  Conj/Tloc      12%        2d5       50%         4


Dungeon Overview and Level Annotations

Branches:
Dungeon (2/15)

Altars:
Ru


Innate Abilities, Weirdness & Mutations

You cannot wear most types of armour.
You are amphibious.
You can wear up to eight rings at the same time.
Your skin changes colour to match your surroundings (Stealth+).
Your rubbery body absorbs attacks. (AC +1, EV +1)
((You are camouflaged near water. (Stealth+)))
You have tentacles for arms and can constrict up to eight enemies at once.


Message History

You are poisoned.
The adder poisons you!
You hit the adder.
The adder is almost dead.
You constrict the adder.
You kill the adder!
You feel sick.
You feel sick.
You feel sick.
You feel sick.
You are no longer poisoned.
You start resting.
Magic restored.
You start resting.
HP restored.
You see here a jackal skeleton.
Things that are here:
a jackal skeleton; a jackal skeleton
Things that are here:
a jackal skeleton; a jackal skeleton A hobgoblin comes into view.
The magic dart hits the hobgoblin.
The hobgoblin is severely wounded.
The hobgoblin shouts!
The magic dart hits the hobgoblin.
You kill the hobgoblin!
Magic restored.
Found a stone staircase leading up.
You see here 17 sling bullets.
You see here 17 sling bullets.
There is a stone staircase leading down here.
You see here 19 stones.
You see here 17 bolts.
Found a stone staircase leading up.
d - a red potion
e - a yellow potion Done exploring.
Search for what [? for help]? .
Okay, then.
Are you sure you want to abandon this character and quit the game? (Confirm with "yes".)

...########..............#..<...#
...#################..####.#.##.#
...'........# #...# #.#.##.#
...########.# ##..# #.#.†.)#
##.......(..# #..###.######
.#.###################..##.†.....
.#.##...............##.>#########
.#.##.#############.###.#
....#.#.........@.#.# #.#
.####.#.#########.#.# #.# .#
#.#.# #.#(# #.# .#
#.#.#########.#.# #.# .#
#.#.#.........#(# #.# .#
#.#<#.#########.# #.# .#
#.#........# #.# #.# .#
#.#.#.####.# #.# #.# .#
#.#.#......# #.# #.#


There were no monsters in sight!

Vanquished Creatures
  4 adders (D:2)
  A dart slug (D:1)
  2 bats (D:1)
  A giant cockroach (D:2)
  A goblin (D:2)
  2 hobgoblins
  7 jackals (D:2)
  2 quokkas (D:2)
  4 ball pythons
  9 frilled lizards
  2 rats
35 creatures vanquished.

Vanquished Creatures (others)
  5 plants (D:2)
5 creatures vanquished.

Grand Total: 40 creatures vanquished

Notes
Turn   | Place    | Note
-------+----------+-------------------------------------------
     0 | D:1      | karkarkar the Octopode Conjurer began the quest for the
                  | Orb.
     0 | D:1      | Reached XP level 1. HP: 11/11 MP: 3/3
     2 | D:1      | Noticed an octopode
     2 | D:1      | Noticed a vampire
     4 | D:1      | Noticed a demonspawn
     4 | D:1      | Noticed an elf
     6 | D:1      | Noticed a human
     6 | D:1      | Noticed a vine stalker
     8 | D:1      | Noticed a draconian
     8 | D:1      | Noticed a demigod
    10 | D:1      | Noticed a gargoyle
    12 | D:1      | Noticed a dwarf
    12 | D:1      | Noticed a formicid
    14 | D:1      | Noticed a spriggan
    14 | D:1      | Noticed a troll
    16 | D:1      | Noticed an ogre
    16 | D:1      | Noticed a merfolk
    18 | D:1      | Noticed a naga
    18 | D:1      | Noticed a palentonga
    20 | D:1      | Noticed a minotaur
    20 | D:1      | Noticed a ghoul
    22 | D:1      | Noticed a barachi
    22 | D:1      | Noticed a tengu
    24 | D:1      | Noticed a centaur
    26 | D:1      | Noticed a felid
   444 | D:1      | Reached XP level 2. HP: 17/17 MP: 3/5
   521 | D:1      | You fall into a shaft and drop 1 floor!
   674 | D:2      | Learned a level 2 spell: Searing Ray
   818 | D:2      | Reached XP level 3. HP: 21/21 MP: 2/6
   966 | D:2      | Found a faded altar of an unknown god.
   968 | D:2      | Became a worshipper of Ru the Awakened
   969 | D:2      | Upgraded the game from 0.27-a0-1140-g099f9bb0e8 to
                  | 0.27-a0-1144-g0b7d3b79db
   992 | D:2      | Upgraded the game from 0.27-a0-1144-g0b7d3b79db to
                  | 0.27-a0-1149-g4505690ab0
  1366 | D:2      | Upgraded the game from 0.27-a0-1149-g4505690ab0 to
                  | 0.27-a0-1181-g5f64966fcc
  1373 | D:2      | Upgraded the game from 0.27-a0-1181-g5f64966fcc to
                  | 0.27-a0-1184-ge86db4a01e
  1817 | D:2      | Reached XP level 4. HP: 27/27 MP: 4/7
  1838 | D:2      | Reached skill level 5 in Conjurations
  2512 | D:2      | Quit the game

Illustrated notes

Levels and vault maps discovered:
D:1:      kb_arrival_jail, layout_basic
D:2:      layout_basic, shapermc_ecumenical_altar_venn, minmay_lizard_king

Skill      XL: |  1  2  3  4 |
---------------+-------------+-----
Stealth        | 3 |  3.8
Conjurations   | 5 |  5.0
Fighting       | |  0.2
Short Blades   | |  0.1
Dodging        | |  2.0
Unarmed Combat | |  0.1
Spellcasting   | |  2.2

Action                   |  1- 3 |  4- 6 || total
-------------------------+-------+-------++-------
Melee: Unarmed           |    14 |       ||    14
       Constrict         |     7 |     1 ||     8
       Dagger            |    45 |     6 ||    51
       Tentacles         |     2 |       ||     2
 Cast: Magic Dart        |    25 |     3 ||    28
       Searing Ray       |     4 |     2 ||     6
  Use: Scroll            |     1 |       ||     1
       Potion            |     1 |       ||     1
Armor: Skin              |    29 |     1 ||    30
Dodge: Dodged            |    41 |     5 ||    46

Table legend: (Time is in decaauts)
 A = Elapsed time spent in this place.
 B = Non-inter-level travel time spent in this place.
 C = Inter-level travel time spent in this place.
 D = Time resting spent in this place.
 E = Time spent auto-exploring this place.
 F = Levels seen in this place.
 G = Mean time per level.
                   A        B        C        D        E       F      G
               +--------+--------+--------+--------+--------+-----+--------+
         Total |   2511 |   2504 |      7 |    793 |   1271 |   2 | 1255.5 |
       Dungeon |   2511 |   2504 |      7 |    793 |   1271 |   2 | 1255.5 |
               +--------+--------+--------+--------+--------+-----+--------+

Top non-repeatable levels by time:
     D:2: 1990 daAuts
     D:1: 521 daAuts
